 Dungeon Crawl Stone Soup version 0.20.0 (webtiles) character file.

591 Llamajah the Shield-Bearer (level 7, 36/60 HPs)
             Began as a Minotaur Fighter on July 20, 2017.
             Was an Initiate of Okawaru.
             Starved to death
             ... on level 4 of the Dungeon.
             The game lasted 00:08:12 (2423 turns).

Llamajah the Shield-Bearer (Minotaur Fighter)       Turns: 2423, Time: 00:08:13

Health: 36/60      AC: 13    Str: 20    XL:     7   Next: 16%
Magic:  6/6        EV:  6    Int:  5    God:    Okawaru [......]
Gold:   65         SH: 10    Dex: 12    Spells: 6/6 levels left

rFire    . . .     SeeInvis .   a - +0 war axe
rCold    . . .     Gourm    .   c - +0 shield
rNeg     . . .     Faith    .   k - +0 plate armour
rPois    .         Spirit   .   (helmet restricted)
rElec    .         Reflect  .   (no cloak)
rCorr    .         Harm     .   d - +0 pair of gloves
MR       +....     Rnd*Tele +   (no boots)
Stlth    ..........             (no amulet)
Regen    0.2/turn               e - ring of teleportation (curse)
MPRegen  0.1/turn               n - ring of protection from magic

@: fainting
A: retaliatory headbutt, horns 2
a: Renounce Religion


You were on level 4 of the Dungeon.
You worshipped Okawaru.
Okawaru was noncommittal.
You were fainting.

You visited 2 branches of the dungeon, and saw 5 of its levels.

You collected 65 gold pieces.

Inventory:

Hand Weapons
 a - a +0 war axe (weapon)
Armour
 c - a +0 shield (worn)
 d - a +0 pair of gloves (worn)
 k - a +0 plate armour (worn)
Jewellery
 e - a cursed ring of teleportation (left hand)
 n - a ring of protection from magic (right hand)
 o - an uncursed ring of protection from magic
Wands
 l - a wand of acid (4/15)
Scrolls
 h - 4 scrolls of teleportation {unknown}
 i - 2 scrolls of remove curse {unknown}
 p - a scroll of identify {unknown}
 q - a scroll of blinking {unknown}
 r - a scroll of amnesia {unknown}
 x - a scroll of noise {unknown}
 y - a scroll of magic mapping {unknown}
Potions
 b - 2 potions of ambrosia
 g - a potion of heal wounds
 j - 2 potions of lignification
 m - a potion of flight {unknown}
 s - 2 potions of curing {unknown}
 t - a potion of resistance {unknown}
 u - a potion of cancellation {unknown}
 v - a potion of berserk rage {unknown}
 w - a potion of invisibility {unknown}


   Skills:
 + Level 4.6 Fighting
 + Level 3.7 Axes
 * Level 5.5 Armour
 * Level 4.0 Dodging
 * Level 6.4 Shields


You had 6 spell levels left.
You didn't know any spells.

Dungeon Overview and Level Annotations

Branches:
Dungeon (4/15)             Temple (1/1) D:4

Altars:
Dithmenos
Hepliaklqana
Nemelex Xobeh
Okawaru
Qazlal
Ru
Sif Muna
Trog
Uskayaw
Vehumet
Xom
Yredelemnul
The Shining One


Innate Abilities, Weirdness & Mutations

You reflexively headbutt those who attack you in melee.
You have a pair of horns on your head.


Message History

The hungry ghost hits you.
You feel slightly more hungry.
Your plate armour prevents you from hitting the hungry ghost.
The hungry ghost is severely damaged.
The hungry ghost hits you.
You feel slightly more hungry. The hungry ghost hits you.
You feel slightly more hungry.
You closely miss the hungry ghost. Your headbutt misses the hungry ghost.
The hungry ghost is severely damaged.
You block the hungry ghost's attack.
You completely miss the hungry ghost. You headbutt the hungry ghost.
The hungry ghost is severely damaged.
The hungry ghost hits you.
You feel slightly more hungry.
You closely miss the hungry ghost. You headbutt the hungry ghost.
The hungry ghost is almost destroyed.
The hungry ghost hits you.
The orc priest looks encouraged for a moment.
You block the hungry ghost's attack.
You miss the hungry ghost. You headbutt the hungry ghost.
The hungry ghost is almost destroyed.
You have starved to death.
You die...

. <.. ....o#######
...oo{W@...######
....o#####......########
... #####.......... . .#
#.......... ...
#.......... ..#.####
#..........
....#....###..........
........._...#..........
......#.................


You could see a hungry ghost, an orc priest and 3 orcs.

Vanquished Creatures
  An ogre (D:4)
  A phantom (D:4)
  An orc priest (D:4)
  A hound (D:4)
  A jelly (D:3)
  4 orc wizards
  An iguana (D:4)
  8 adders
  A howler monkey skeleton (D:4)
  An ooze (D:1)
  2 worms
  4 dart slugs
  7 leopard geckos
  10 orcs
  A ball python (D:4)
  8 bats
  2 giant cockroaches
  9 goblins
  8 hobgoblins
  11 jackals
  7 kobolds
  A quokka (D:4)
  A frilled lizard (D:3)
  5 rats
96 creatures vanquished.

Notes
Turn   | Place    | Note
-------+----------+-------------------------------------------
     0 | D:1      | Llamajah the Minotaur Fighter began the quest for the Orb.
     0 | D:1      | Reached XP level 1. HP: 19/19 MP: 0/0
   123 | D:1      | Reached XP level 2. HP: 27/27 MP: 1/1
   536 | D:2      | Reached skill level 1 in Dodging
   536 | D:2      | Reached skill level 4 in Shields
   536 | D:2      | Reached XP level 3. HP: 33/33 MP: 2/2
   644 | D:2      | Found a hide-covered altar of Uskayaw.
   951 | D:2      | Reached XP level 4. HP: 40/40 MP: 3/3
  1049 | D:2      | Found a deep blue altar of Sif Muna.
  1081 | D:2      | Found a radiant altar of Vehumet.
  1206 | D:3      | Reached XP level 5. HP: 39/46 MP: 4/4
  1231 | D:3      | Reached skill level 5 in Shields
  1820 | D:4      | Reached skill level 5 in Armour
  1840 | D:4      | Found a bloodstained altar of Trog.
  1862 | D:4      | Noticed an ogre
  1869 | D:4      | Killed an ogre
  1869 | D:4      | Reached XP level 6. HP: 21/53 MP: 5/5
  1884 | D:4      | Found a stormy altar of Qazlal.
  1891 | D:4      | Reached skill level 6 in Shields
  2171 | D:4      | Found a sacrificial altar of Ru.
  2212 | D:4      | Reached XP level 7. HP: 55/60 MP: 6/6
  2225 | D:4      | Found a staircase to the Ecumenical Temple.
  2231 | Temple   | Entered the Ecumenical Temple
  2263 | Temple   | Became a worshipper of Warmaster Okawaru
  2367 | D:4      | Noticed a hungry ghost
  2423 | D:4      | Starved to death

Skill      XL: |  1  2  3  4  5  6 |
---------------+-------------------+-----
Armour         | 4 5 |  5.5
Dodging        | 1 2 3 4 |  4.0
Shields        | 4 5 6 |  6.4
Axes           | 3 |  3.7
Fighting       | 4 |  4.6

Action                   |  1- 3 |  4- 6 |  7- 9 || total
-------------------------+-------+-------+-------++-------
Melee: War axe           |    82 |   133 |    50 ||   265
       Headbutt          |    17 |    29 |     3 ||    49
  Use: Scroll            |     1 |       |       ||     1
       Potion            |       |     1 |     3 ||     4
  Eat: Chunk             |       |     4 |       ||     4
       Bread ration      |       |       |     2 ||     2
Armor: Scale mail        |    16 |       |       ||    16
       Plate armour      |    11 |    92 |    14 ||   117
       Skin              |       |       |    25 ||    25
Dodge: Dodged            |    21 |    29 |     4 ||    54
Block: Shield            |    42 |    86 |    24 ||   152
